 Dungeon Sprint DCSS version 0.30-a0-365-ge7f957f1db (webtiles) character file.

Game seed: 2833503301155213500

7987 rocky1 the Thaumaturge (level 11, -6/93 HPs)
             Began as a Gnoll Warper on Nov 18, 2022.
             Was a High Priest of Okawaru.
             Mangled by a sun demon (13 damage)
             ... in the Dungeon (Sprint VII: "The Pits").
             The game lasted 00:14:38 (5648 turns).

rocky1 the Thaumaturge (Gnoll Warper)               Turns: 5648, Time: 00:14:39

Health: -6/93      AC: 17    Str: 13    XL:     11   Next: 23%
Magic:  11/26      EV: 15    Int: 15    God:    Okawaru [*****.]
Gold:   15         SH:  0    Dex: 11    Spells: 18/33 levels left

rFire   . . .      SeeInvis .    v - +2 halberd (protect)
rCold   + . .      Faith    .    (shield currently unavailable)
rNeg    . . .      Spirit   .    A - +3 leather armour {rC+}
rPois   .          Reflect  .    t - +0 helmet
rElec   .          Harm     .    o - +0 cloak
rCorr   .          Rampage  .    (no gloves)
Will    .....      NoTele   +    (no boots)
Stlth   ++++......               (no amulet)
HPRegen 0.35/turn                (no ring)
MPRegen 0.20/turn                (no ring)

@: under a protective aura
A: fangs 1, strong nose, distributed training, MP-powered wands
a: Renounce Religion, Heroism, Finesse


You were in the Dungeon.
You worshipped Okawaru.
Okawaru was extremely pleased with you.
You visited 1 branch You collected 15 gold pieces.

Inventory:

Hand Weapons
 a - a +0 spear
 l - a +2 trident
 m - a +0 vorpal trident
 v - a +2 halberd of protection (weapon)
 w - a +4 quarterstaff of speed
 z - a +2 antimagic sling
Missiles
 d - 4 boomerangs of dispersal
 x - a silver javelin (quivered)
 y - 2 boomerangs
Armour
 b - a +0 leather armour
 n - a +3 ring mail
 o - a +0 cloak (worn)
 t - a +0 helmet (worn)
 u - a +4 chain mail
 A - a +3 leather armour of cold resistance (worn)
Jewellery
 p - a +3 ring of intelligence
 q - a +3 ring of evasion
Scrolls
 k - 5 scrolls of amnesia
Potions
 f - 4 potions of curing
 g - a potion of haste
 h - 4 potions of magic
 s - a potion of brilliance


   Skills:
 + Level 11.3 Fighting
 + Level 10.4 Short Blades
 + Level 10.4 Long Blades
 + Level 10.4 Axes
 + Level 10.4 Maces & Flails
 + Level 11.3 Polearms
 + Level 10.4 Staves
 + Level 10.4 Ranged Weapons
 + Level 10.7 Throwing
 + Level 10.7 Armour
 + Level 11.3 Dodging
 + Level 10.4 Stealth
 + Level 10.4 Shields
 + Level 10.4 Unarmed Combat
 + Level 11.5 Spellcasting
 + Level 8.7 Conjurations
 + Level 8.7 Hexes
 + Level 8.7 Summonings
 + Level 8.7 Necromancy
 + Level 10.3 Translocations
 + Level 8.7 Transmutations
 + Level 8.7 Fire Magic
 + Level 8.7 Ice Magic
 + Level 8.7 Air Magic
 + Level 8.7 Earth Magic
 + Level 8.7 Poison Magic
 + Level 11.3 Invocations
 + Level 10.4 Evocations


You had 18 spell levels left.
You knew the following spells:

 Your Spells              Type           Power      Damage    Failure   Level
a - Blink                 Tloc           78%        N/A       1%          2
b - Vhi's Electric Charg  Tloc/Air       74%        N/A       1%          3
c - Manifold Assault      Tloc           39%        N/A       1%          4
d - Teleport Other        Tloc           39%        N/A       1%          3
e - Lesser Beckoning      Tloc           78%        N/A       1%          3

Your spell library contained the following spells:

 Spells                   Type           Power      Damage    Failure   Level


Dungeon Overview and Level Annotations

Branches:
Dungeon (1/1)

Altars:
Ashenzari
Cheibriados
Dithmenos
Elyvilon
Fedhas
Gozag
Hepliaklqana
Kikubaaqudgha
Makhleb
Nemelex Xobeh
Okawaru
Qazlal
Ru
Sif Muna
Trog
Uskayaw
Vehumet
Wu Jian
Xom
Yredelemnul
Zin
The Shining One
Jiyva
Lugonu


Innate Abilities, Weirdness & Mutations

You have very sharp teeth.
Your uncanny sense of smell can sniff out nearby items.
Your experience applies equally to all skills.
You expend magic power (3 MP) to strengthen your wands.


Message History

Confirm with . or Enter, or press ? or * to list all spells.
Space momentarily warps into an impossible shape!
The sun demon shouts!
You hit the dream sheep.
Your weapon exudes an aura of protection.
You miss the sun demon.
Casting: Manifold Assault (mildly dangerous; 1% risk of failure)
Confirm with . or Enter, or press ? or * to list all spells.
Space momentarily warps into an impossible shape!
You hit the sun demon. You hit the dream sheep.
Casting: Manifold Assault (mildly dangerous; 1% risk of failure)
Confirm with . or Enter, or press ? or * to list all spells.
You don't know that spell.
Casting: Manifold Assault (mildly dangerous; 1% risk of failure)
Confirm with . or Enter, or press ? or * to list all spells.
Space momentarily warps into an impossible shape!
You hit the sun demon. You puncture the dream sheep!
The dream sheep ruffles its wool and motes of dream dust sparkle, to no effect.
Unknown command.
Casting: Manifold Assault (mildly dangerous; 1% risk of failure)
Confirm with . or Enter, or press ? or * to list all spells.
Space momentarily warps into an impossible shape!
You hit the sun demon but do no damage. You hit the dream sheep.
You kill the dream sheep!
Okawaru accepts your kill. The sun demon hits you!
You are engulfed in flames!!
You miss the sun demon. Your bite misses the sun demon.
The sun demon is lightly wounded.
The sun demon hits you!
You are engulfed in flames!
You hit the sun demon but do no damage.
The sun demon is lightly wounded.
The sun demon hits you!!
* * * LOW HITPOINT WARNING * * *
You are engulfed in flames!
* * * LOW HITPOINT WARNING * * *
A dream sheep comes into view.
You feel better. The sun demon hits you!
* * * LOW HITPOINT WARNING * * *
You are engulfed in flames!
You die...

∆∆ ∆∆
########################
........................
................@3..†..Y
##############++########
#∆∆ ∆∆ ∆∆∆∆ ∆∆∆∆ #∆∆ ∆∆
# # # # #


You could see a sun demon and a dream sheep.

Vanquished Creatures
  2 phantasmal warriors (D)
  A bog body (D)
  A wolf spider (D)
  A manticore (D)
  An elephant (D)
  Joseph (D)
  A molten gargoyle (D)
  Maurice (D)
  A demonic crawler (D)
  A cane toad (D)
  2 kobold demonologists (D)
  A komodo dragon (D)
  A guardian mummy (D)
  A polar bear (D)
  A large abomination (D)
  A dream sheep (D)
  A snapping turtle (D)
  A flying skull (D)
  2 jumping spiders (D)
  An air elemental (D)
  A basilisk (D)
  A chaos spawn (D)
  A steam dragon (D)
  A warg (D)
  A floating eye (D)
  A swamp drake (D)
  A wolf (D)
  2 kobold brigands (D)
  2 necrophages (D)
  2 bullfrogs (D)
  2 scorpions (D)
  3 killer bees (D)
  A quasit (D)
  Crazy Yiuf (D)
  An iguana (D)
  An orc wizard (D)
  A mummy (D)
  An ufetubus (D)
  2 adder skeletons (D)
  5 orcs (D)
  2 bats (D)
  3 endoplasms (D)
  2 jackals (D)
  A quokka (D)
  A kobold (D)
  A rat (D)
64 creatures vanquished.

Vanquished Creatures (others)
  A killer bee (D)
  An orc (D)
  3 kobolds (D)
5 creatures vanquished.

Grand Total: 69 creatures vanquished

Notes
Turn   | Place    | Note
-------+----------+-------------------------------------------
     0 | D        | rocky1 the Gnoll Warper began the quest for the Orb.
     0 | D        | Reached XP level 1. HP: 20/20 MP: 6/6
    18 | D        | Found a bloodstained altar of Trog.
    18 | D        | Found a shimmering blue altar of Sif Muna.
    18 | D        | Found a viscous altar of Jiyva.
    18 | D        | Found a hazy altar of Hepliaklqana.
    18 | D        | Found an opulent altar of Gozag.
    22 | D        | Found a glowing golden altar of the Shining One.
    22 | D        | Found a glowing silver altar of Zin.
    22 | D        | Found a basalt altar of Yredelemnul.
    22 | D        | Found a shimmering altar of Xom.
    22 | D        | Found an ornate altar of the Wu Jian Council.
    22 | D        | Found a sacrificial altar of Ru.
    22 | D        | Found a stormy altar of Qazlal.
    22 | D        | Found an iron altar of Okawaru.
    22 | D        | Found a sparkling altar of Nemelex Xobeh.
    22 | D        | Found a burning altar of Makhleb.
    22 | D        | Found a blossoming altar of Fedhas.
    22 | D        | Found a white marble altar of Elyvilon.
    22 | D        | Found a shadowy altar of Dithmenos.
    22 | D        | Found a snail-covered altar of Cheibriados.
    25 | D        | Found a corrupted altar of Lugonu.
    25 | D        | Found a radiant altar of Vehumet.
    26 | D        | Found an ancient bone altar of Kikubaaqudgha.
    26 | D        | Found a hide-covered altar of Uskayaw.
    26 | D        | Found a broken altar of Ashenzari.
    30 | D        | Became a worshipper of Warmaster Okawaru
    80 | D        | Reached skill level 1 in Short Blades
    80 | D        | Reached skill level 1 in Long Blades
    80 | D        | Reached skill level 1 in Axes
    80 | D        | Reached skill level 1 in Maces & Flails
    80 | D        | Reached skill level 1 in Staves
    80 | D        | Reached skill level 1 in Ranged Weapons
    80 | D        | Reached skill level 1 in Stealth
    80 | D        | Reached skill level 1 in Shields
    80 | D        | Reached skill level 1 in Unarmed Combat
    80 | D        | Reached skill level 5 in Spellcasting
    80 | D        | Reached skill level 1 in Invocations
    80 | D        | Reached skill level 1 in Evocations
    80 | D        | Reached XP level 2. HP: 23/26 MP: 8/8
    81 | D        | Reached skill level 1 in Conjurations
    81 | D        | Reached skill level 1 in Hexes
    81 | D        | Reached skill level 1 in Summonings
    81 | D        | Reached skill level 1 in Necromancy
    81 | D        | Reached skill level 1 in Transmutations
    81 | D        | Reached skill level 1 in Fire Magic
    81 | D        | Reached skill level 1 in Ice Magic
    81 | D        | Reached skill level 1 in Air Magic
    81 | D        | Reached skill level 1 in Earth Magic
    81 | D        | Reached skill level 1 in Poison Magic
    86 | D        | Learned a level 2 spell: Blink
   105 | D        | Noticed a floating eye
   105 | D        | Noticed a scorpion
   118 | D        | Killed a scorpion
   119 | D        | Reached skill level 5 in Fighting
   119 | D        | Reached skill level 5 in Polearms
   119 | D        | Reached skill level 5 in Dodging
   119 | D        | Reached XP level 3. HP: 22/33 MP: 10/10
   119 | D        | Reached XP level 4. HP: 26/39 MP: 11/11
   541 | D        | Killed a floating eye
   542 | D        | Reached XP level 5. HP: 45/46 MP: 11/13
   601 | D        | Noticed Crazy Yiuf
   601 | D        | Noticed a flying skull
   621 | D        | Killed a flying skull
   621 | D        | Reached * piety under Okawaru
   622 | D        | Reached skill level 5 in Throwing
   622 | D        | Reached skill level 5 in Armour
   622 | D        | Reached skill level 5 in Invocations
   622 | D        | Reached XP level 6. HP: 53/53 MP: 14/16
   625 | D        | Killed Crazy Yiuf
   626 | D        | Reached skill level 5 in Short Blades
   626 | D        | Reached skill level 5 in Long Blades
   626 | D        | Reached skill level 5 in Axes
   626 | D        | Reached skill level 5 in Maces & Flails
   626 | D        | Reached skill level 5 in Staves
   626 | D        | Reached skill level 5 in Ranged Weapons
   626 | D        | Reached skill level 5 in Stealth
   626 | D        | Reached skill level 5 in Shields
   626 | D        | Reached skill level 5 in Unarmed Combat
   626 | D        | Reached skill level 5 in Evocations
   636 | D        | Reached ** piety under Okawaru
   744 | D        | Reached XP level 7. HP: 31/60 MP: 17/17
  1052 | D        | Learned a level 3 spell: Vhi's Electric Charge
  1057 | D        | Learned a level 4 spell: Manifold Assault
  1061 | D        | Learned a level 3 spell: Teleport Other
  1065 | D        | Learned a level 3 spell: Lesser Beckoning
  1154 | D        | Noticed a guardian mummy
  1166 | D        | Killed a guardian mummy
  1167 | D        | Reached skill level 5 in Conjurations
  1167 | D        | Reached skill level 5 in Hexes
  1167 | D        | Reached skill level 5 in Summonings
  1167 | D        | Reached skill level 5 in Necromancy
  1167 | D        | Reached skill level 5 in Transmutations
  1167 | D        | Reached skill level 5 in Fire Magic
  1167 | D        | Reached skill level 5 in Ice Magic
  1167 | D        | Reached skill level 5 in Air Magic
  1167 | D        | Reached skill level 5 in Earth Magic
  1167 | D        | Reached skill level 5 in Poison Magic
  1473 | D        | Noticed a warg
  1489 | D        | Killed a warg
  1490 | D        | Reached XP level 8. HP: 46/68 MP: 4/20
  1906 | D        | Noticed a jumping spider
  1929 | D        | Reached *** piety under Okawaru
  1998 | D        | Killed a jumping spider
  2487 | D        | Noticed a bog body
  2499 | D        | Killed a bog body
  2499 | D        | Received a gift from Okawaru
  2500 | D        | Reached XP level 9. HP: 60/75 MP: 19/22
  2550 | D        | Noticed an elephant
  2564 | D        | Killed an elephant
  2564 | D        | Reached **** piety under Okawaru
  2688 | D        | Noticed a phantasmal warrior
  2688 | D        | Noticed Joseph
  2720 | D        | Killed a phantasmal warrior
  2753 | D        | Killed Joseph
  2753 | D        | Reached ***** piety under Okawaru
  2753 | D        | Received a gift from Okawaru
  2987 | D        | Noticed a kobold demonologist
  2991 | D        | Noticed a sun demon
  2998 | D        | Noticed a komodo dragon
  3134 | D        | Killed a komodo dragon
  3135 | D        | Reached skill level 10 in Spellcasting
  3135 | D        | Reached XP level 10. HP: 43/85 MP: 22/24
  3440 | D        | Noticed a kobold demonologist
  3446 | D        | Noticed a sun demon
  3446 | D        | Gained mutation: You sometimes lose your temper in combat.
                  | [a neqoxec]
  3457 | D        | Noticed an orange demon
  3467 | D        | Reached skill level 10 in Fighting
  3467 | D        | Reached skill level 10 in Polearms
  3467 | D        | Reached skill level 10 in Dodging
  3472 | D        | Killed a kobold demonologist
  3475 | D        | Killed a kobold demonologist
  3496 | D        | Reached skill level 10 in Invocations
  3647 | D        | Noticed a phantasmal warrior
  3673 | D        | Killed a phantasmal warrior
  3679 | D        | Received a gift from Okawaru
  3951 | D        | Noticed Maurice
  3967 | D        | Killed Maurice
  3968 | D        | Noticed a manticore
  4011 | D        | Killed a manticore
  4012 | D        | Reached skill level 10 in Throwing
  4012 | D        | Reached skill level 10 in Armour
  4060 | D        | Lost mutation: You sometimes lose your temper in combat.
                  | [potion of mutation]
  4060 | D        | Gained mutation: You expend magic power (3 MP) to
                  | strengthen your wands. [potion of mutation]
  4580 | D        | Noticed a demonic crawler
  4583 | D        | Noticed a wolf spider
  4603 | D        | Killed a demonic crawler
  4603 | D        | Received a gift from Okawaru
  4603 | D        | Noticed an orc knight
  4604 | D        | Reached skill level 10 in Translocations
  4610 | D        | Killed a wolf spider
  4610 | D        | Noticed a demonic crawler
  4610 | D        | Noticed a sun demon
  4611 | D        | Reached skill level 10 in Short Blades
  4611 | D        | Reached skill level 10 in Long Blades
  4611 | D        | Reached skill level 10 in Axes
  4611 | D        | Reached skill level 10 in Maces & Flails
  4611 | D        | Reached skill level 10 in Staves
  4611 | D        | Reached skill level 10 in Ranged Weapons
  4611 | D        | Reached skill level 10 in Stealth
  4611 | D        | Reached skill level 10 in Shields
  4611 | D        | Reached skill level 10 in Unarmed Combat
  4611 | D        | Reached skill level 10 in Evocations
  4611 | D        | Reached XP level 11. HP: 26/93 MP: 17/26
  5009 | D        | Paralysed by an air elemental for 1 turns
  5291 | D        | Received a gift from Okawaru
  5640 | D        | Noticed a sun demon
  5648 | D        | Mangled by a sun demon

Illustrated notes

Levels and vault maps discovered:
D:        pitsprint [storerooms_1, entrance_room_1, metal_vault_3, armoury_1,
          mini_pit_1, grid_room_1, main_hall_1, silver_pit, the_coven_3,
          the_vestibule_1, steel_vault_5, golden_pit, hallway_of_sentries,
          crystal_vault_5, iron_vault_5, final_vault]

Skill      XL: |  1  2  3  4  5  6  7  8  9 10 11 |
---------------+----------------------------------+-----
Short Blades   | 1 2 3 4 5 6 7 8 10 | 10.4
Long Blades    | 1 2 3 4 5 6 7 8 10 | 10.4
Axes           | 1 2 3 4 5 6 7 8 10 | 10.4
Maces & Flails | 1 2 3 4 5 6 7 8 10 | 10.4
Staves         | 1 2 3 4 5 6 7 8 10 | 10.4
Ranged Weapons | 1 2 3 4 5 6 7 8 10 | 10.4
Stealth        | 1 2 3 4 5 6 7 8 10 | 10.4
Shields        | 1 2 3 4 5 6 7 8 10 | 10.4
Unarmed Combat | 1 2 3 4 5 6 7 8 10 | 10.4
Spellcasting   | 5 6 7 8 9 10 11 | 11.5
Invocations    | 1 2 4 5 6 8 9 10 11 | 11.3
Evocations     | 1 2 3 4 5 6 7 8 10 | 10.4
Conjurations   | 2 3 4 5 6 7 8 |  8.7
Hexes          | 2 3 4 5 6 7 8 |  8.7
Summonings     | 2 3 4 5 6 7 8 |  8.7
Necromancy     | 2 3 4 5 6 7 8 |  8.7
Transmutations | 2 3 4 5 6 7 8 |  8.7
Fire Magic     | 2 3 4 5 6 7 8 |  8.7
Ice Magic      | 2 3 4 5 6 7 8 |  8.7
Air Magic      | 2 3 4 5 6 7 8 |  8.7
Earth Magic    | 2 3 4 5 6 7 8 |  8.7
Poison Magic   | 2 3 4 5 6 7 8 |  8.7
Fighting       | 5 6 7 8 9 11 | 11.3
Polearms       | 5 6 7 8 9 11 | 11.3
Throwing       | 3 4 5 6 8 9 10 | 10.7
Armour         | 3 4 5 6 8 9 10 | 10.7
Dodging        | 5 6 7 8 9 11 | 11.3
Translocations | 6 7 8 9 10 | 10.3

Action                   |  1- 3 |  4- 6 |  7- 9 | 10-12 || total
-------------------------+-------+-------+-------+-------++-------
Melee: Trident           |    23 |    45 |   113 |       ||   181
       Spear             |     1 |       |       |       ||     1
       Bite              |     1 |     5 |    14 |    19 ||    39
       Punch             |       |     1 |     2 |       ||     3
       Halberd           |       |       |    89 |   212 ||   301
Throw: Boomerang         |       |       |       |     3 ||     3
       Javelin           |       |       |       |     1 ||     1
 Cast: Manifold Assault  |       |       |     7 |    22 ||    29
       Vhi's Electric Ch |       |       |     2 |     1 ||     3
Invok: Heroism           |       |       |     3 |     3 ||     6
       Finesse           |       |       |     1 |     3 ||     4
  Use: Potion            |     2 |     1 |    11 |     9 ||    23
       Scroll            |       |       |     1 |     1 ||     2
 Stab: Sleeping          |     2 |       |     1 |       ||     3
       Invisible         |       |       |       |     9 ||     9
Armor: Leather armour    |     8 |     1 |       |    22 ||    31
       Ring mail         |       |    11 |    31 |       ||    42
       Chain mail        |       |       |    64 |   103 ||   167
Dodge: Dodged            |    25 |    19 |    89 |   100 ||   233

Table legend: (Time is in decaauts)
 A = Elapsed time spent in this place.
 B = Non-inter-level travel time spent in this place.
 C = Inter-level travel time spent in this place.
 D = Time resting spent in this place.
 E = Time spent auto-exploring this place.
 F = Levels seen in this place.
 G = Mean time per level.
                   A        B        C        D        E       F      G
               +--------+--------+--------+--------+--------+-----+--------+
         Total |   5660 |   5596 |     64 |   4425 |      0 |   1 | 5660.0 |
       Dungeon |   5660 |   5596 |     64 |   4425 |      0 |   1 | 5660.0 |
               +--------+--------+--------+--------+--------+-----+--------+

Top non-repeatable levels by time:
       D: 5660 daAuts
